 Dungeon Crawl Stone Soup version 0.30-b1-2-g02819fbbbe (webtiles) character file.

Game seed: 1883303704682572442

1730 redmage the Geomancer (level 9, -4/68 HPs)
             Began as a Meteoran Earth Elementalist on Aug 2, 2023.
             Was a Follower of Cheibriados.
             Slain by a wolf (7 damage)
             ... led by Grum
             ... on level 10 of the Dungeon.
             The game lasted 00:20:48 (1194 turns).

redmage the Geomancer (Meteoran Earth Elementalist) Turns: 1194, Time: 00:20:50

Health: -4/68      AC:  7    Str: 12    XL:     9   Next: 49%
Magic:  18/18      EV: 13    Int: 22    God:    Cheibriados [*.....]
Gold:   247        SH:  0    Dex: 18    Spells: 9/19 levels left

rFire   + . .        k - +2 morningstar (flame)
rCold   . . .        (no shield)
rNeg    . . .        o - +0 steam dragon scales
rPois   .            (no helmet)
rElec   .            d - +1 cloak
rCorr   .            (no gloves)
SInv    .            (no boots)
Will    +....        (no amulet)
Stlth   +            e - ring of protection from fire
HPRegen 0.31/turn    (no ring)
MPRegen 0.16/turn

%: no passive effects
@: frozen, glowing, very slow
A: sense surroundings 2, otherworldly, glowing, explore regen
a: Renounce Religion, Bend Time


You were on level 10 of the Dungeon.
You worshipped Cheibriados.
Cheibriados was aware of your devotion.
You visited 2 branches of the dungeon, and saw 12 of its levels.

You collected 247 gold pieces.

Inventory:

Hand Weapons
 k - a +2 morningstar of flaming (weapon)
Missiles
 t - 5 javelins
 w - 6 boomerangs
Armour
 d - a +1 cloak (worn)
 o - +0 steam dragon scales (worn)
 s - the +0 robe of Shadows and Fog {rF+ Int+7}
   (You found it on level 6 of the Dungeon)

   Int:       It affects your intelligence (+7).
   rF:        It protects you from fire.
Jewellery
 e - a ring of protection from fire (left hand)
Wands
 j - a wand of polymorph (11)
 u - a wand of mindburst (10)
 v - a wand of quicksilver (7)
Scrolls
 l - a scroll of immolation
 p - a scroll of fog
Potions
 a - a potion of might {unknown}
 b - a potion of magic
 c - 2 potions of degeneration {unknown}
 g - a potion of ambrosia {unknown}
 h - a potion of cancellation {unknown}
 i - a potion of experience {unknown}
 m - a potion of heal wounds {unknown}
 n - 5 potions of curing {unknown}
 r - a potion of mutation {unknown}
 x - a potion of lignification {unknown}


   Skills:
 + Level 2.5 Fighting
 + Level 1.1 Maces & Flails
 - Level 2.4 Dodging
 - Level 1.4 Stealth
 - Level 5.6 Spellcasting
 * Level 6.7 Conjurations
 - Level 4.1 Transmutations
 + Level 8.4 Earth Magic
 + Level 5.0 Invocations


You had 9 spell levels left.
You knew the following spells:

 Your Spells              Type           Power      Damage    Failure   Level
a - Sandblast             Erth           86%        2d18      1%          1
b - Passwall              Tmut/Erth      27%        N/A       1%          2
c - Stone Arrow           Conj/Erth      78%        3d11      1%          3
d - Petrify               Tmut/Erth      33%        N/A       7%          4

Your spell library contained the following spells:

 Spells                   Type           Power      Damage    Failure   Level
 Slow                     Hex            24%        N/A       10%         1
 Sublimation of Blood     Necr           6%         N/A       14%         2
 Flame Wave               Conj/Fire      20%        2d7       24%         4
 Sticky Flame             Conj/Fire      20%        2d4       24%         4
 Confusing Touch          Hex            6%         N/A       28%         3
 Inner Flame              Hex/Fire       6%         N/A       28%         3
 Summon Guardian Golem    Hex/Summ       6%         N/A       28%         3
 Vampiric Draining        Necr           6%         2d6       28%         3
 Vhi's Electric Charge    Tloc/Air       12%        N/A       28%         3
 Irradiate                Conj/Tmut      15%        3d16      28%         5
 Arcjolt                  Conj/Air       10%        1d20      54%         5
 Orb of Destruction       Conj           17%        9d7       99%         7
 Plasma Beam              Fire/Air       3%         2x1d14    100%        6
 Spellforged Servitor     Conj/Summ      10%        N/A       100%        7


Dungeon Overview and Level Annotations

Branches:
Dungeon (11/15) Zot: 8217  Temple (1/1) D:5 Zot: 886
   Lair: D:8-11         Orc: D:9-12

Altars:
Cheibriados
Elyvilon
Gozag
Kikubaaqudgha
Makhleb
Okawaru
Ru
Vehumet
Yredelemnul
Zin

Shops:
D:6 *

Annotations:
D:10 Grum, Lodul


Innate Abilities, Weirdness & Mutations

You passively map the area around you.
You are easily found by Zot.
You glow in the dark.
You regain HP and MP as you explore.


Message History

An ice dragon comes into view.
The rime drake moves out of view.
The ice dragon roars deafeningly!
You hear a howl!
A howler monkey comes into view.
A polar bear comes into view. x2
As you read the scroll of teleportation, it crumbles to dust.
You feel strangely unstable.
The howler monkey hoots and howls with incredible vigour!
You hear an angry growl.
You hear a howl!
You hear a shout!
Your surroundings suddenly seem different.
Found a book of Frost.
The ice dragon breathes frost at you. The blast of cold hits you!!
Unknown command.
The rime drake breathes ice at you. The icy flash freeze misses you.
The wolf bites you!
The rime drake attacks as you move away!
The rime drake misses you.
The howler monkey hoots and howls with incredible vigour!
The wolf bites you!
The rime drake bites you but does no damage.
The wolf misses you.
You hear a howl! x3; You hear a shout! x2
The rime drake attacks as you move away!
The rime drake barely misses you. The wolf attacks as you move away!
The wolf bites you.
A wight comes into view. It is wielding a +0 great sword.
Found a basalt altar of Yredelemnul.
A wight comes into view. It is wielding a +0 trident.
The wolf bites you but does no damage.
A wight comes into view. It is wielding a +0 halberd.
A wight comes into view. It is wielding a +4 falchion.
The wight moves out of view.
You barely miss the wight. The wolf bites you!
The howler monkey hoots and howls with incredible vigour!
The rime drake breathes ice at you. The icy flash freeze hits you!!
* * * LOW HITPOINT WARNING * * *
You are encased in ice.
The wolf bites you!
You die...

#...., .....## #...#
.....# #.....### ##...#
.#...:# h..#...####....#
,,
.....#g#.h...#.##.......
,
*#.......D...##..........
*
*#.........###........#.
##....hh.###........##.
##.k#hk## #......>###.
##..@## ##.....## #.
*##z## ##..<.# #. , ...
##...# ## zz.## #...# #
** ..##. ##...# , ,_,,#
#...# , ,, ##... * ** **
*#... , * *#..#*


You could see an ice dragon, 3 polar bears, Grum, 2 rime drakes, a wolf, a
howler monkey (catching breath) and 3 wights.

Vanquished Creatures
  Maggie (D:9)
  A shadow (D:11)
  A wyvern (D:9)
  3 water moccasins
  A sky beast (D:7)
  2 ogres
  A centaur (D:6)
  2 phantoms
  2 hounds (D:5)
  2 jellies (D:5)
  2 iguanas (D:5)
  2 orc wizards (D:5)
  6 adders
  2 shadow imps
  3 ufetubi
  A dart slug (D:4)
  10 orcs
  3 endoplasms
  2 jackals (D:5)
  3 ball pythons (D:1)
  2 bats (D:1)
  A frilled lizard (D:1)
  4 rats
57 creatures vanquished.

Notes
Turn   | Place    | Note
-------+----------+-------------------------------------------
     0 | D:1      | redmage the Meteoran Earth Elementalist began the quest for
                  | the Orb.
     0 | D:1      | Reached XP level 1. HP: 14/14 MP: 5/5
    56 | D:1      | Reached XP level 2. HP: 8/20 MP: 3/6
    57 | D:1      | Reached skill level 4 in Earth Magic
   126 | D:2      | Learned a level 2 spell: Passwall
   151 | D:3      | Reached XP level 3. HP: 26/26 MP: 2/8
   203 | D:4      | Reached XP level 4. HP: 33/33 MP: 1/10
   353 | D:4      | Reached skill level 5 in Earth Magic
   380 | D:5      | Entered Level 5 of the Dungeon
   443 | D:5      | Reached XP level 5. HP: 38/38 MP: 9/11
   458 | D:5      | Noticed a phantom
   467 | D:5      | Killed a phantom
   468 | D:5      | Reached XP level 6. HP: 45/45 MP: 6/13
   477 | D:5      | Learned a level 3 spell: Stone Arrow
   497 | D:5      | Found an iron altar of Okawaru.
   498 | D:5      | Found a burning altar of Makhleb.
   498 | D:5      | Noticed an ogre
   500 | D:5      | Killed an ogre
   501 | D:5      | Reached skill level 6 in Earth Magic
   529 | D:5      | Noticed a black bear
   549 | D:5      | Reached XP level 7. HP: 50/50 MP: 10/14
   556 | D:5      | Found an ancient bone altar of Kikubaaqudgha.
   599 | D:5      | Found a staircase to the Ecumenical Temple.
   612 | Temple   | Entered the Ecumenical Temple
   617 | Temple   | Became a worshipper of Cheibriados the Contemplative
   651 | D:5      | Reached skill level 7 in Earth Magic
   662 | D:5      | Reached skill level 5 in Spellcasting
   662 | D:5      | Reached skill level 1 in Conjurations
   669 | D:5      | Reached skill level 1 in Invocations
   754 | D:6      | Reached XP level 8. HP: 57/57 MP: 10/16
   758 | D:6      | Identified the +0 robe of Shadows and Fog {rF+ Int+7}
   816 | D:6      | Found Qushredu's Neck Hole.
   928 | D:6      | Learned a level 4 spell: Petrify
   990 | D:10     | Entered Level 10 of the Dungeon
   990 | D:10     | Noticed Lodul
   990 | D:10     | Noticed Grum
   995 | D:9      | Reached skill level 5 in Conjurations
  1004 | D:9      | Noticed Maggie
  1019 | D:9      | Killed Maggie
  1020 | D:9      | Reached skill level 1 in Fighting
  1020 | D:9      | Reached skill level 8 in Earth Magic
  1020 | D:9      | Gained mutation: You passively map the area around you.
                  | [Meteoran growth]
  1020 | D:9      | Reached XP level 9. HP: 33/67 MP: 1/18
  1110 | D:11     | Reached * piety under Cheibriados
  1111 | D:11     | Reached skill level 1 in Maces & Flails
  1111 | D:11     | Reached skill level 5 in Invocations
  1185 | D:10     | Noticed a polar bear
  1185 | D:10     | Noticed a rime drake
  1185 | D:10     | Noticed a rime drake
  1185 | D:10     | Noticed an ice dragon
  1186 | D:10     | Noticed a polar bear
  1186 | D:10     | Noticed a polar bear
  1193 | D:10     | Found a basalt altar of Yredelemnul.
  1194 | D:10     | HP: 3/68 [rime drake/icy flash freeze (19)]
  1194 | D:10     | Slain by a wolf

Illustrated notes

Levels and vault maps discovered:
D:1:      dpeg_arrival_shelter, layout_rooms
D:2:      layout_rooms, nrook_uturn, minmay_vboxes
D:3:      layout_basic, nicolae_sif_muna_condensation, nicolae_shop_vocational
D:4:      layout_rooms
D:5:      wander_river, layout_basic,
          chequers_temple_overflow_statue_of_worship,
          mainiacjoe_overflow_boulevard, temple_fountains, serial_shops,
          nicolae_diamond_shop, st_stairs_7, hangedman_decor_opposing,
          kennysheep_generic_room_6
D:6:      layout_gridville, kennysheep_diamond,
          nicolae_shop_sticking_my_neck_out, uniq_pikel
D:7:      layout_basic, mainiacjoe_overflow_two_lobes, nrook_mini_backslash
D:8:      layout_gridville, beargit_hepliaklqana_dungeon_heroes,
          lair_entry_dummy
D:9:      layout_roguey, hiddenorc1_lemuel, uniq_erolcha, uniq_maggie,
          uniq_gastronok
D:10:     minmay_coctagon, layout_layer_cave, mainiacjoe_overflow_alcove_1,
          uniq_lodul, uniq_erica, uniq_grum
D:11:     layout_irregular_city, elyvilon_altar_3
Temple:   nicolae_temple_ecumenical_triangle

Skill      XL: |  1  2  3  4  5  6  7  8  9 |
---------------+----------------------------+-----
Earth Magic    | 4 5 6 7 8 |  8.4
Spellcasting   | 3 4 5 |  5.6
Transmutations | 2 3 4 |  4.1
Conjurations   | 2 6 |  6.7
Invocations    | 1 4 5 |  5.0
Fighting       | 1 2 |  2.5
Maces & Flails | 1 |  1.1
Dodging        | |  2.4
Stealth        | |  1.4

Action                     |  1- 3 |  4- 6 |  7- 9 || total
---------------------------+-------+-------+-------++-------
  Melee: Morningstar       |       |       |     1 ||     1
   Cast: Sandblast         |    26 |    24 |    25 ||    75
         Passwall          |       |     3 |     3 ||     6
         Stone Arrow       |       |     6 |    20 ||    26
  Evoke: Wand              |       |       |     1 ||     1
    Use: Scroll            |       |     6 |     7 ||    13
 Armour: Robe              |     8 |     6 |       ||    14
         Steam dragon scal |       |       |     2 ||     2
  Dodge: Dodged            |    16 |     5 |    10 ||    31
